 Dungeon Crawl Stone Soup version 0.31-a0-219-g8d62b2e7bb (webtiles) character file.

Game seed: 17592640094208228220

118 Anon1729 the Trooper (level 4, -1/31 (41) HPs)
             Began as a Minotaur Monk on July 3, 2023.
             Slain by a kobold brigand
             ... wielding a +2 dagger of draining
              (3 damage)
             ... on level 3 of the Dungeon.
             The game lasted 00:00:53 (2279 turns).

Anon1729 the Trooper (Minotaur Monk)                Turns: 2279, Time: 00:00:53

HP:   -1/31 (41)    AC: 15    Str: 16    XL:     4   Next: 72%
MP:   4/4           EV:  8    Int:  7    God:
Gold: 151           SH:  0    Dex: 14    Spells: 3/3 levels left

rFire   . . .        m - +1 short sword (protect)
rCold   . . .        d - orb {light}
rNeg    . . .        q - +0 chain mail
rPois   .            (helmet restricted)
rElec   .            (no cloak)
rCorr   .            (no gloves)
SInv    .            (no boots)
Will    .....        (no amulet) Stlth
                     (no ring)
HPRegen 0.25/turn    (no ring)
MPRegen 0.09/turn

%: no passive effects
@: under a protective aura, slowed, glowing, heavily drained, very slow
A: horns 2, retaliatory headbutt
a: no special abilities


You were on level 3 of the Dungeon.
You visited 1 branch of the dungeon, and saw 3 of its levels.

You collected 151 gold pieces.

Inventory:

Hand Weapons
 a - a +0 short sword
 m - a +1 short sword of protection (weapon)
Missiles
 k - 10 poisoned darts
 r - 6 boomerangs of dispersal
Armour
 b - a +0 robe
 d - an orb of light (worn)
 q - a +0 chain mail (worn)
Jewellery
 e - a ring of fire
Scrolls
 g - 2 scrolls of identify {unknown}
 h - 2 scrolls of amnesia {unknown}
 s - a scroll of blinking {unknown}
 t - a scroll of torment {unknown}
Potions
 c - a potion of ambrosia
 f - a potion of heal wounds {unknown}
 i - a potion of cancellation {unknown}
 j - a potion of berserk rage {unknown}
 l - a potion of enlightenment {unknown}
 n - 2 potions of might {unknown}
 o - 2 potions of lignification {unknown}
 p - 2 potions of brilliance {unknown}


   Skills:
 + Level 4.4 Fighting
 + Level 4.0 Short Blades
 + Level 2.1 Armour
 + Level 3.9 Dodging
 + Level 1.7 Invocations


You had 3 spell levels left.
You didn't know any spells.
Your spell library contained the following spells:

 Spells                   Type           Power      Damage    Failure   Level
 Kiss of Death            Conj/Necr      0%         2d5       99%         1
 Poisonous Vapours        Pois/Air       0%         N/A       100%        2
 Confusing Touch          Hex            0%         N/A       100%        3
 Mephitic Cloud           Conj/Pois/Air  0%         N/A       100%        3
 Dispel Undead            Necr           0%         3d6       100%        4
 Freezing Cloud           Conj/Ice/Air   0%         6-21      100%        5
 Chain Lightning          Conj/Air       0%         N/A       100%        9
 Fire Storm               Conj/Fire      0%         5d1       100%        9
 Shatter                  Erth           0%         3d5*      100%        9


Dungeon Overview and Level Annotations

Branches:
Dungeon (3/15)

Altars:


Innate Abilities, Weirdness & Mutations

You have a pair of horns on your head.
You reflexively headbutt those who attack you in melee.


Message History

You are too injured to fight recklessly!
You are too injured to fight recklessly!
You are too injured to fight recklessly!
You are too injured to fight recklessly!
You are too injured to fight recklessly!
You hit the kobold brigand but do no damage.
The kobold brigand is lightly wounded.
You feel sick.
The kobold brigand hits you but does no damage.
You feel drained.
You hit the kobold brigand but do no damage.
The kobold brigand is lightly wounded.
You feel sick.
The kobold brigand hits you but does no damage.
You feel drained.
You hit the kobold brigand.
The kobold brigand is lightly wounded.
You feel sick.
The kobold brigand hits you but does no damage.
You feel drained.
You hit the kobold brigand but do no damage.
The kobold brigand is lightly wounded.
You feel sick.
You are no longer poisoned.
The kobold brigand hits you with a +2 dagger of draining.
You feel drained.
The kobold brigand hits you with a +2 dagger of draining.
* * * LOW HITPOINT WARNING * * *
You feel drained.
You hit the kobold brigand but do no damage.
Your headbutt misses the kobold brigand.
The kobold brigand is lightly wounded.
The kobold brigand hits you with a +2 dagger of draining.
* * * LOW HITPOINT WARNING * * *
You feel drained.
* * * LOW HITPOINT WARNING * * *
You hit the kobold brigand but do no damage.
The kobold brigand is lightly wounded.
The kobold brigand hits you with a +2 dagger of draining.
You die...

#.# ### #.# ?!#
#.##### # /$#
#..[..# ## ..#
####..# #.
##..#~###...####..
#..##~.........'..
##K.#≈~~......###..
#.@##≈~~#####...##.
#..#≈≈~~# #.#.###
#..##~~~# #.#.# #
##..#~~~# #.#.#
#..#~~.#####.#.#
#..#~#.........#
#..#~.........## #
#..##.###.###.# #
#~##..#.#
#.###.####


You could see a kobold brigand.

Vanquished Creatures
  Jessica (D:2)
  Robin (D:2)
  An adder (D:3)
  3 dart slugs
  2 orcs (D:3)
  3 ball pythons
  9 endoplasms
  2 giant cockroaches
  7 goblins
  11 hobgoblins
  9 kobolds
  A quokka (D:1)
  3 bats
  5 frilled lizards
  A rat (D:2)
59 creatures vanquished.

Notes
Turn   | Place    | Note
-------+----------+-------------------------------------------
     0 | D:1      | Anon1729 the Minotaur Monk began the quest for the Orb.
     0 | D:1      | Reached XP level 1. HP: 19/19 MP: 0/0
   181 | D:1      | Reached XP level 2. HP: 20/27 MP: 1/1
   314 | D:1      | Found a faded altar of an unknown god.
   465 | D:1      | Reached skill level 1 in Armour
   833 | D:1      | Reached XP level 3. HP: 33/33 MP: 2/2
  1031 | D:2      | Reached skill level 1 in Invocations
  1105 | D:2      | Noticed Robin
  1127 | D:2      | Killed Robin
  1687 | D:2      | Noticed Jessica
  1697 | D:2      | Killed Jessica
  1698 | D:2      | Reached XP level 4. HP: 20/40 MP: 4/4
  2269 | D:3      | Noticed a kobold brigand
  2279 | D:3      | Slain by a kobold brigand

Illustrated notes

Levels and vault maps discovered:
D:1:      nzn_arrival_water_spiral, layout_basic,
          shapermc_ecumenical_altar_mp_highgroup
D:2:      layout_basic, kennysheep_generic_room_15, uniq_jessica, uniq_robin
D:3:      cheibrodos_thug_alley, layout_loops_corners, minmay_lizard_king

Skill      XL: |  1  2  3  4 |
---------------+-------------+-----
Armour         | 1 2 |  2.1
Fighting       | 4 |  4.4
Invocations    | 1 |  1.7
Short Blades   | 4 |  4.0
Dodging        | |  3.9

Action                     |  1- 3 |  4- 6 || total
---------------------------+-------+-------++-------
  Melee: Short sword       |   116 |    28 ||   144
         Headbutt          |    29 |     6 ||    35
 Armour: Robe              |    11 |       ||    11
         Chain mail        |       |    14 ||    14
  Dodge: Dodged            |    56 |     8 ||    64

Table legend: (Time is in decaauts)
 A = Elapsed time spent in this place.
 B = Non-inter-level travel time spent in this place.
 C = Inter-level travel time spent in this place.
 D = Time resting spent in this place.
 E = Time spent auto-exploring this place.
 F = Levels seen in this place.
 G = Mean time per level.
                   A        B        C        D        E       F      G
               +--------+--------+--------+--------+--------+-----+--------+
         Total |   2259 |   2094 |    165 |     81 |   1697 |   3 |  753.0 |
       Dungeon |   2259 |   2094 |    165 |     81 |   1697 |   3 |  753.0 |
               +--------+--------+--------+--------+--------+-----+--------+

Top non-repeatable levels by time:
     D:1: 975 daAuts
     D:2: 940 daAuts
     D:3: 342 daAuts
